 Dungeon Crawl Stone Soup version 0.18-b1-2-gd0c887e (webtiles) character file.

2 SkaryMonk the Sneak (level 1, 0/14 HPs)
             Began as an Octopode Assassin on Apr 28, 2016.
             Slain by a giant gecko (3 damage)
             ... on level 1 of the Dungeon.
             The game lasted 00:00:23 (169 turns).

SkaryMonk the Sneak (Octopode Assassin)              Turns: 169, Time: 00:00:24

Health: 0/14       AC:  1    Str: 10    XL:     1   Next: 30%
Magic:  1/1        EV: 11    Int: 13    God:
Gold:   7          SH:  0    Dex: 13    Spells: 0 memorised, 0 levels left

rFire  . . .     SeeInvis .     a - +2 dagger
rCold  . . .     Gourm    .     (no shield)
rNeg   . . .     Faith    .     (helmet restricted)
rPois  .         Spirit   .     e - amulet of rage
rElec  .         Dismiss  .     (no ring)
rCorr  .         Reflect  .     (no ring)
SustAt .         Harm     .     (no ring)
MR     .....                    (no ring)
Stlth  ++++......               (no ring)
                                (no ring)
                                (no ring)
                                (no ring)

@: not resistant to hostile enchantments, stealthy
A: almost no armour, amphibious, 8 rings, constrict 8, camouflage 1, gelatinous
body 1
a: Evoke Berserk Rage


You were on level 1 of the Dungeon.
You were not hungry.

You visited 1 branch of the dungeon, and saw 1 of its levels.

You collected 7 gold pieces.

Notes
Turn   | Place    | Note
--------------------------------------------------------------
     0 | D:1      | SkaryMonk the Octopode Assassin began the quest for the Orb.
     0 | D:1      | Reached XP level 1. HP: 14/14 MP: 1/1
   169 | D:1      | Slain by a giant gecko

Inventory:

Hand Weapons
 a - a +2 dagger (weapon)
 b - a +0 blowgun
Missiles
 c - 8 poisoned needles
 d - 2 curare-tipped needles
Jewellery
 e - an amulet of rage (around mantle)
Scrolls
 h - a scroll of fear {unknown}
 i - 2 scrolls of noise {unknown}
 j - a scroll of random uselessness {unknown}
 k - a scroll of identify {unknown}
Potions
 g - 2 potions of might {unknown}
Comestibles
 f - 2 bread rations
 l - 2 chunks of flesh

Table legend:
 A = Turns spent in this place as a percentage of turns spent in the entire game.
 B = Non-inter-level travel turns spent in this place as a percentage of non-inter-level travel turns spent in the entire game.
 C = Inter-level travel turns spent in this place as a percentage of turns spent in this place.
 D = Turns resting spent in this place as a percentage of non-inter-level travel turns spent in this place.
 E = Turns spent auto-exploring this place as a percentage of non-inter-level travel turns spent in this place.
 F = Non-inter-level travel turns spent in this place divided by the number of levels of this place that you've seen.
                   A       B       C       D       E      F
               +-------+-------+-------+-------+-------+----------------------
         Total | 100.0 | 100.0 |   0.0 |   0.0 |  31.2 |  32.0
       Dungeon | 100.0 | 100.0 |   0.0 |   0.0 |  31.2 |  32.0
               +-------+-------+-------+-------+-------+----------------------


   Skills:
 - Level 2.0 Fighting
 + Level 2.2 Short Blades
 - Level 2.0 Throwing
 - Level 1.0 Dodging
 - Level 5.3 Stealth


You couldn't memorise any spells.
You didn't know any spells.

Dungeon Overview and Level Annotations

Branches:
Dungeon (1/15)

Altars:


Innate Abilities, Weirdness & Mutations

You cannot wear most types of armour.
You are amphibious.
You can wear up to eight rings at the same time.
You can use your tentacles to constrict eight enemies at once.
Your skin changes colour to match your surroundings (Stealth).
Your rubbery body absorbs attacks (AC +1).


Message History

A kobold is nearby!
l - 2 chunks of flesh The kobold shouts!
The kobold throws a stone.
The stone hits you.
A kobold comes into view.
A giant gecko comes into view.
The kobold throws a stone.
The stone barely misses you.
The kobold shouts!
The kobold throws a stone.
The stone closely misses you. The kobold hits you.
You miss the kobold. You grab the kobold. You constrict the kobold.
The kobold throws a stone.
The stone closely misses you. The kobold hits you.
You release your grip on the kobold.
The kobold hits you.
You hit the kobold.
You kill the kobold!
The giant gecko bites you.
* * * LOW HITPOINT WARNING * * *
The kobold throws a stone.
The stone hits you but does no damage.
You see here a stone.
The giant gecko bites you.
You die...

#.##...########
#.......#
#..######
#..#######.#
#..........#
#......###.
#####.## #.#
##@## ##Kl.##
##.(.(รท##.#
######.........#
......(.....####
...........##
############


You could see a giant gecko and a kobold.

Table legend:
 A = Kills in this place as a percentage of kills in entire the game.
 B = Kills by you in this place as a percentage of kills by you in the entire game.
 C = Kills by friends in this place as a percentage of kills by friends in the entire game.
 D = Other kills in this place as a percentage of other kills in the entire game.
 E = Experience gained in this place as a percentage of experience gained in the entire game.
 F = Experience gained in this place divided by the number of levels of this place that you have seen.
                   A       B       C       D       E      F
               +-------+-------+-------+-------+-------+----------------------
         Total | 100.0 | 100.0 |  -nan |  -nan | 100.0 |   3.0
       Dungeon | 100.0 | 100.0 |  -nan |  -nan | 100.0 |   3.0
               +-------+-------+-------+-------+-------+----------------------

Vanquished Creatures
  A goblin (D:1)
  A kobold (D:1)
2 creatures vanquished.

Action                   || total
-------------------------++-------
Melee: Dagger            ||     3
       Constrict         ||     1
 Stab: Sleeping          ||     1
Dodge: Dodged            ||     3

Vault maps used:
D:1:      dpeg_arrival_circle_labyrinth_a, serial_bayou_pond_d,
          grunt_decor_arrowhead, wad_floor_pattern_untrapped
